 Dungeon Crawl Stone Soup version 0.30-a0-141-g30f27751c5 (webtiles) character file.

Game seed: 16533626220398435634

15500 Belterius the Cleaver (level 12, -7/118 HPs)
             Began as a Minotaur Fighter on Sept 25, 2022.
             Was a High Priest of Okawaru.
             Mangled by Frances
             ... wielding a +0 trident
              (26 damage)
             ... on level 12 of the Dungeon.
             The game lasted 00:33:59 (16170 turns).

Belterius the Cleaver (Minotaur Fighter)           Turns: 16170, Time: 00:33:59

Health: -7/118     AC: 16    Str: 33    XL:     12   Next: 1%
Magic:  8/14       EV: 13    Int:  4    God:    Okawaru [*****.]
Gold:   791        SH:  0    Dex: 13    Spells: 11/11 levels left

rFire   . . .      SeeInvis .    S - +11 executioner's axe "Wuanoyni" {freeze, Str+7}
rCold   . . .      Faith    .    (shield currently unavailable)
rNeg    . . .      Spirit   .    p - +2 ring mail {rPois}
rPois   +          Reflect  .    (helmet restricted)
rElec   +          Harm     .    r - +0 cloak
rCorr   .          Rampage  .    E - +2 pair of gloves
Will    .....                    (no boots)
Stlth   ++........               B - amulet of the acrobat
HPRegen 0.29/turn                Q - +4 ring of slaying
MPRegen 0.14/turn                (no ring)

@: heroic, finesse-ful
A: horns 2, retaliatory headbutt, agile 1, robust 1, electricity resistance,
MP-powered wands
a: Renounce Religion, Heroism, Finesse, Duel


You were on level 12 of the Dungeon.
You worshipped Okawaru.
Okawaru was extremely pleased with you.
You visited 1 branch of the dungeon, and saw 12 of its levels.
You also visited: Ossuary.

You collected 791 gold pieces.

Inventory:

Hand Weapons
 M - a +1 vorpal broad axe
 R - a +2 hand axe of flaming
 S - the +11 executioner's axe "Wuanoyni" (weapon) {freeze, Str+7}
   (Okawaru gifted it to you on level 11 of the Dungeon)

   It freezes those it strikes, dealing additional cold damage.
   It can also slow down cold-blooded creatures.
   Str:       It affects your strength (+7).
Missiles
 a - 5 silver javelins (quivered)
 o - 6 throwing nets
Armour
 f - a +0 tower shield
 p - a +2 ring mail of poison resistance (worn)
 r - a +0 cloak (worn)
 E - a +2 pair of gloves (worn)
 K - a +0 scale mail of cold resistance
Jewellery
 B - an amulet of the acrobat (around neck)
 Q - a +4 ring of slaying (left hand)
Wands
 b - a wand of flame (45)
 c - a wand of paralysis (17)
 F - a wand of mindburst (26)
 O - a wand of acid (4)
Scrolls
 e - 2 scrolls of magic mapping {unknown}
 k - 4 scrolls of immolation
 l - a scroll of summoning {unknown}
 m - 2 scrolls of enchant weapon {unknown}
 s - 2 scrolls of fear {unknown}
 v - 2 scrolls of fog {unknown}
 w - a scroll of vulnerability {unknown}
 y - a scroll of torment {unknown}
 A - 3 scrolls of noise {unknown}
 C - 5 scrolls of teleportation {unknown}
 D - a scroll of amnesia {unknown}
 G - 3 scrolls of identify
 J - 3 scrolls of poison {unknown}
 L - a scroll of blinking
 P - a scroll of silence {unknown}
Potions
 d - 2 potions of might
 g - 3 potions of cancellation
 h - a potion of berserk rage {unknown}
 i - 4 potions of curing
 j - 2 potions of brilliance
 n - a potion of resistance {unknown}
 q - 2 potions of degeneration {unknown}
 t - 2 potions of haste
 u - a potion of magic {unknown}
 z - a potion of lignification {unknown}
 H - 3 potions of flight {unknown}
 I - a potion of invisibility {unknown}
 N - 2 potions of ambrosia {unknown}


   Skills:
 + Level 10.7(15.7) Fighting
 * Level 14.3(19.3) Axes
 + Level 1.1(6.1) Throwing
 + Level 10.8(15.8) Armour
 + Level 10.8(15.8) Shields
 + Level 5.2 Invocations


You had 11 spell levels left.
You didn't know any spells.
Your spell library contained the following spells:

 Spells                   Type           Power      Damage    Failure   Level
 Inner Flame              Hex/Fire       0%         N/A       91%         3
 Ozocubu's Armour         Ice            0%         N/A       91%         3
 Portal Projectile        Hex/Tloc       0%         N/A       91%         3
 Cause Fear               Hex            0%         N/A       100%        4
 Leda's Liquefaction      Hex/Erth       0%         N/A       100%        4
 Blade Hands              Tmut           0%         N/A       100%        5
 Lee's Rapid Deconstruct  Erth           0%         3d5*      100%        5
 Iron Shot                Conj/Erth      0%         9d1       100%        6
 Statue Form              Tmut/Erth      0%         N/A       100%        6
 Ozocubu's Refrigeration  Ice            0%         4d7       100%        7
 Discord                  Hex            0%         N/A       100%        8
 Tukima's Dance           Hex            Unusable   N/A       N/A         3
 Animate Armour           Summ/Erth      Unusable   N/A       N/A         4
 Summon Ice Beast         Ice/Summ       Unusable   N/A       N/A         4
 Summon Mana Viper        Hex/Summ       Unusable   N/A       N/A         5
 Monstrous Menagerie      Summ           Unusable   N/A       N/A         7

Dungeon Overview and Level Annotations

Branches:
Dungeon (12/15)            Temple (0/1) D:7            Lair (0/5) D:8
    Orc (0/2) D:10        Ossuary (visited)

Altars:
Cheibriados
Dithmenos
Elyvilon
Fedhas
Hepliaklqana
Nemelex Xobeh
Okawaru
Ru
Wu Jian
Yredelemnul
The Shining One

Shops:
D:7 (   D:10 [

Annotations:
D:12 Frances


Innate Abilities, Weirdness & Mutations

You have a pair of horns on your head.
You reflexively headbutt those who attack you in melee.
You are agile. (Dex +4, Str/Int -1)
You are robust. (+10% HP)
You are resistant to electric shocks. (rElec)
You expend magic power (3 MP) to strengthen your wands.


Message History

Frances hits you from afar with a +0 trident!
You slash the ice devil! You headbutt the ice devil!
You kill the ice devil!
The ice devil disappears in a puff of smoke!
You carve the sixfirhy like a ham!!! You freeze the sixfirhy.
You kill the sixfirhy!
The sixfirhy disappears in a puff of smoke!
Frances hits you from afar with a +0 trident!
* * * LOW HITPOINT WARNING * * *
The orange demon stings you but does no damage.
Frances whispers indecipherable words.
The shard of ice hits you!!
* * * LOW HITPOINT WARNING * * *
The orange demon completely misses you.
You feel much better. Frances hits you with a +0 trident!
* * * LOW HITPOINT WARNING * * *
Frances hits you but does no damage. The orange demon stings you from afar.
* * * LOW HITPOINT WARNING * * *
You chop Frances into pieces!!! You freeze Frances!! You headbutt Frances.
Frances is severely wounded.
Frances hits you with a +0 trident!
* * * LOW HITPOINT WARNING * * *
You feel much better. The orange demon barely misses you.
Something unseen opens the door.
Frances hits you with a +0 trident.
* * * LOW HITPOINT WARNING * * *
You feel much better. Frances hits you with a +0 trident!!
* * * LOW HITPOINT WARNING * * *
The orange demon stings you from afar.
* * * LOW HITPOINT WARNING * * *
A kobold demonologist comes into view. It is wielding a +0 dagger.
Frances barely misses you. You furiously retaliate!
You headbutt Frances! You closely miss Frances.
The kobold demonologist shouts!
Your headbutt misses Frances.
Frances is severely wounded.
You hear a shout!
The orange demon stings you from afar!
* * * LOW HITPOINT WARNING * * *
You feel much better. Frances hits you with a +0 trident!!
You die...

###'###### #...K..^.#
+........+ #........#
#........# #.....4..#
#........# #+######
#....@@..# #......#
##..######
######.#######..######
.........##..........#
.....<...............#
.........##..........+
.........##......>...#
.........##..........#
.........##..........#


You could see Frances (fast), an orange demon (summoned) and a kobold
demonologist.

Vanquished Creatures
  Harold (D:11)
  Erolcha (D:9)
  A boulder beetle (D:11)
  A two-headed ogre (D:11)
  Urug (D:11)
  Pikel (D:4)
  An ugly thing (D:11)
  4 kobold demonologists (D:10)
  An unseen horror (D:11)
  A komodo dragon (D:11)
  4 trolls
  A hornet (D:9)
  A wyvern (D:11)
  2 wraiths
  16 yaks
  Eustachio (D:4)
  A steam dragon (D:8)
  2 vampire mosquitoes (D:9)
  4 wargs (D:10)
  Menkaure (D:6)
  A water moccasin (D:8)
  An acid dragon (D:11)
  Duvessa (D:4)
  3 orc warriors (D:10)
  2 sky beasts
  An ice beast (D:7)
  A black bear (D:7)
  5 wolves (D:8)
  2 ogres (D:7)
  5 centaurs
  2 phantoms
  A kobold brigand (D:9)
  Blork the orc (D:4)
  A bullfrog (D:8)
  A gnoll sergeant (D:5)
  2 scorpions
  2 necrophages
  9 wights
  Dowan (D:4)
  2 howler monkeys (D:8)
  5 electric eels
  7 hounds
  3 jellies
  15 orc priests
  Ijyb (D:4)
  2 gnoll boudas
  4 iguanas
  20 orc wizards
  9 mummies
  14 gnolls
  10 adders
  2 shadow imps (D:7)
  An ufetubus (D:5)
  5 worms
  3 dart slugs
  57 orcs
  4 ball pythons
  11 endoplasms
  3 giant cockroaches
  A gnoll zombie (Ossuary)
  10 goblins
  7 hobgoblins
  3 quokkas
  9 bats
  A frilled lizard (D:1)
  A hobgoblin zombie (Ossuary)
  13 kobolds
  5 kobold zombies
  3 orc zombies
  7 rats
326 creatures vanquished.

Vanquished Creatures (others)
  A fungus (D:3)
  13 plants
14 creatures vanquished.

Grand Total: 340 creatures vanquished

Notes
Turn   | Place    | Note
-------+----------+-------------------------------------------
     0 | D:1      | Belterius the Minotaur Fighter began the quest for the Orb.
     0 | D:1      | Reached XP level 1. HP: 19/19 MP: 0/0
   215 | D:1      | Reached XP level 2. HP: 27/27 MP: 1/1
   279 | D:1      | Found a faded altar of an unknown god.
   502 | D:1      | Reached skill level 3 in Axes
   928 | D:1      | Reached XP level 3. HP: 33/33 MP: 2/2
  1502 | D:2      | Reached XP level 4. HP: 30/40 MP: 3/3
  1860 | D:2      | You fall into a shaft and drop 2 floors!
  1900 | D:4      | Reached skill level 4 in Axes
  1915 | D:4      | Noticed a phantom
  1948 | D:4      | Killed a phantom
  1949 | D:4      | Reached XP level 5. HP: 29/47 MP: 4/4
  2468 | D:3      | Found a blossoming altar of Fedhas.
  2938 | D:3      | Reached skill level 5 in Axes
  3080 | D:3      | Found a snail-covered altar of Cheibriados.
  3080 | D:3      | Found a glowing golden altar of the Shining One.
  3088 | D:3      | Found a hazy altar of Hepliaklqana.
  3090 | D:3      | Found an iron altar of Okawaru.
  3092 | D:3      | Found a shadowy altar of Dithmenos.
  3107 | D:3      | Became a worshipper of Warmaster Okawaru
  3191 | D:4      | Noticed Eustachio
  3397 | D:4      | Killed Eustachio
  3398 | D:4      | Reached skill level 5 in Fighting
  3398 | D:4      | Reached skill level 5 in Armour
  3398 | D:4      | Reached skill level 5 in Shields
  3398 | D:4      | Reached XP level 6. HP: 53/56 MP: 5/5
  3413 | D:4      | Noticed Blork the orc
  3693 | D:4      | Killed Blork the orc
  3694 | D:4      | Reached skill level 1 in Invocations
  3865 | D:4      | Reached XP level 7. HP: 48/61 MP: 5/7
  4037 | D:4      | Noticed Pikel
  4064 | D:4      | Killed Pikel
  4065 | D:4      | Reached skill level 7 in Axes
  4065 | D:4      | Reached XP level 8. HP: 6/70 MP: 8/8
  4617 | D:4      | Noticed Ijyb
  4652 | D:4      | Killed Ijyb
  4652 | D:4      | Reached * piety under Okawaru
  4828 | D:4      | Noticed Dowan
  4832 | D:4      | Noticed Duvessa
  4833 | D:4      | Killed Dowan
  4840 | D:4      | Killed Duvessa
  5056 | D:5      | Entered Level 5 of the Dungeon
  5241 | D:5      | Found a sand-covered staircase.
  5253 | Ossuary  | Entered an ossuary
  5958 | D:5      | Found an ornate altar of the Wu Jian Council.
  5974 | D:5      | Reached skill level 8 in Axes
  5998 | D:5      | Reached ** piety under Okawaru
  5999 | D:5      | Gained mutation: You have sharp toenails. [potion of
                  | mutation]
  5999 | D:5      | Gained mutation: You are frail. (-10% HP) [potion of
                  | mutation]
  5999 | D:5      | Gained mutation: You have razor-sharp toenails. [potion of
                  | mutation]
  6000 | D:5      | Lost mutation: You are frail. (-10% HP) [potion of
                  | mutation]
  6000 | D:5      | Lost mutation: You have razor-sharp toenails. [potion of
                  | mutation]
  6000 | D:5      | Gained mutation: You are agile. (Dex +4, Str/Int -1)
                  | [potion of mutation]
  6000 | D:5      | Gained mutation: You expend magic power (3 MP) to
                  | strengthen your wands. [potion of mutation]
  6001 | D:5      | Lost mutation: You have sharp toenails. [potion of
                  | mutation]
  6001 | D:5      | Lost mutation: You expend magic power (3 MP) to strengthen
                  | your wands. [potion of mutation]
  6001 | D:5      | Gained mutation: You are resistant to electric shocks.
                  | (rElec) [potion of mutation]
  6001 | D:5      | Gained mutation: You are robust. (+10% HP) [potion of
                  | mutation]
  6001 | D:5      | Gained mutation: You expend magic power (3 MP) to
                  | strengthen your wands. [potion of mutation]
  6972 | D:5      | Reached XP level 9. HP: 81/85 MP: 10/10
  7072 | D:5      | Found a basalt altar of Yredelemnul.
  7802 | D:6      | Found a sparkling altar of Nemelex Xobeh.
  7826 | D:6      | Found a white marble altar of Elyvilon.
  8082 | D:6      | Noticed Menkaure
  8090 | D:6      | Killed Menkaure
  8091 | D:6      | Reached skill level 9 in Axes
  9041 | D:7      | Found Waqevikh's Weapon Shoppe.
  9058 | D:7      | Found a staircase to the Ecumenical Temple.
  9223 | D:7      | Reached *** piety under Okawaru
  9552 | D:7      | Reached skill level 10 in Axes
  9751 | D:8      | Reached skill level 5 in Invocations
  9958 | D:8      | Noticed a troll
  9964 | D:8      | Reached XP level 10. HP: 62/92 MP: 12/12
  9969 | D:8      | Reached **** piety under Okawaru
 10564 | D:8      | Reached skill level 11 in Axes
 11095 | D:8      | Found a staircase to the Lair.
 12522 | D:9      | Noticed Erolcha
 12540 | D:9      | Killed Erolcha
 12540 | D:9      | Reached ***** piety under Okawaru
 12540 | D:9      | Received a gift from Okawaru
 12541 | D:9      | Reached skill level 12 in Axes
 12983 | D:10     | Entered Level 10 of the Dungeon
 13018 | D:10     | Noticed an orange demon
 13025 | D:10     | Noticed an orange demon
 13027 | D:10     | Noticed a sun demon
 13029 | D:10     | Noticed a sun demon
 13038 | D:10     | Noticed a sun demon
 13056 | D:10     | Reached XP level 11. HP: 37/106 MP: 7/13
 13722 | D:10     | Found Cheibriados's Comfort Zone.
 13724 | D:10     | Found a snail-covered altar of Cheibriados.
 13906 | D:10     | Found a sacrificial altar of Ru.
 14028 | D:10     | Found a staircase to the Orcish Mines.
 14054 | D:10     | Received a gift from Okawaru
 14055 | D:10     | Reached skill level 13 in Axes
 14058 | D:10     | Reached skill level 10 in Shields
 14233 | D:10     | Reached skill level 10 in Armour
 14518 | D:11     | Noticed a two-headed ogre
 14525 | D:10     | Reached skill level 10 in Fighting
 14594 | D:11     | Killed a two-headed ogre
 14991 | D:11     | Noticed Urug
 15059 | D:11     | Killed Urug
 15289 | D:11     | Noticed a boulder beetle
 15303 | D:11     | Killed a boulder beetle
 15303 | D:11     | Identified the +11 executioner's axe "Wuanoyni" {freeze,
                  | Str+7} (Okawaru gifted it to you on level 11 of the
                  | Dungeon)
 15303 | D:11     | Received a gift from Okawaru
 15304 | D:11     | Reached skill level 14 in Axes
 15734 | D:11     | Noticed a brown ugly thing
 15739 | D:11     | Killed a brown ugly thing
 15857 | D:11     | Noticed Harold
 15864 | D:11     | Killed Harold
 15865 | D:11     | Reached skill level 1 in Throwing
 15865 | D:11     | Reached XP level 12. HP: 84/118 MP: 11/14
 16157 | D:12     | Noticed Frances
 16164 | D:12     | HP: 3/118 [Frances/shard of ice (29)]
 16170 | D:12     | Mangled by Frances

Illustrated notes

Levels and vault maps discovered:
D:1:      dpeg_arrival_subterranean_lakeside_camping, layout_basic,
          nicolae_ecumenical_lake_church
D:2:      layout_basic, minivault_19
D:3:      layout_basic, chequers_temple_overflow_minitemple, fedhas_altar_3,
          minmay_distorted
D:4:      layout_loops_ring, grunt_ministairs_1, uniq_blork_the_orc,
          uniq_eustachio, uniq_ijyb, uniq_pikel, uniq_duvessa
D:5:      layout_cave_pools, nicolae_wu_jian_wuxing_cycle,
          nicolae_overflow_crystal_walls, nicolae_ossuary_entry_giza,
          hellmonk_bongcloud_opening, chequers_hall_statues_corner_a,
          st_stairs_7, serial_bayou_ford_a
D:6:      layout_basic, elyvilon_altar_4, nemelex_spade_bored_becter,
          serial_bayou, serial_bayou_shore_a, serial_bayou_pond_a,
          serial_bayou_crossing, serial_bayou_pond_e, uniq_menkaure
D:7:      layout_rooms, minmay_temple_entry_slanted, serial_shops,
          nicolae_diamond_shop
D:8:      layout_loops_ring, erik_lair_island
D:9:      layout_irregular_city, minmay_misc_feat_tiny, uniq_erolcha
D:10:     layout_basic, lemuel_tele_altar, minmay_orc_entry_guard_dogs,
          minmay_shop_chei, feat_on_display
D:11:     layout_long_grid, uniq_urug, uniq_harold
D:12:     layout_roguey, uniq_frances, uniq_jorgrun

Skill      XL: |  1  2  3  4  5  6  7  8  9 10 11 |
---------------+----------------------------------+-----
Fighting       | 4 5 6 8 9 10 | 10.7
Axes           | 3 4 5 7 8 10 12 14 | 14.3
Shields        | 4 5 6 7 8 9 10 | 10.8
Armour         | 4 5 6 7 8 9 10 | 10.8
Invocations    | 1 2 3 5 |  5.2
Throwing       | 1 |  1.1

Action                   |  1- 3 |  4- 6 |  7- 9 | 10-12 || total
-------------------------+-------+-------+-------+-------++-------
Melee: War axe           |    87 |   119 |   408 |   137 ||   751
       Headbutt          |    11 |    17 |    79 |    56 ||   163
       Broad axe         |       |       |       |   176 ||   176
       Executioner's axe |       |       |       |    27 ||    27
Invok: Heroism           |       |       |     1 |     8 ||     9
       Finesse           |       |       |       |     2 ||     2
Evoke: Wand              |       |       |       |     2 ||     2
  Use: Potion            |       |     1 |     3 |     4 ||     8
       Scroll            |       |       |     6 |       ||     6
Armor: Scale mail        |    54 |    15 |       |       ||    69
       Ring mail         |       |    39 |   170 |   100 ||   309
Dodge: Dodged            |    21 |    25 |   106 |   132 ||   284
Block: Buckler           |     1 |       |       |       ||     1
       Tower shield      |    47 |   100 |   290 |   245 ||   682

Table legend: (Time is in decaauts)
 A = Elapsed time spent in this place.
 B = Non-inter-level travel time spent in this place.
 C = Inter-level travel time spent in this place.
 D = Time resting spent in this place.
 E = Time spent auto-exploring this place.
 F = Levels seen in this place.
 G = Mean time per level.
                   A        B        C        D        E       F      G
               +--------+--------+--------+--------+--------+-----+--------+
         Total |  16588 |  16112 |    476 |   5345 |   8048 |  13 | 1276.0 |
       Dungeon |  15924 |  15448 |    476 |   4899 |   7958 |  12 | 1327.0 |
       Ossuary |    664 |    664 |      0 |    446 |     90 |   1 |  664.0 |
               +--------+--------+--------+--------+--------+-----+--------+

Top non-repeatable levels by time:
     D:8: 2236 daAuts
     D:4: 1870 daAuts
     D:6: 1685 daAuts
    D:11: 1572 daAuts
     D:9: 1463 daAuts
     D:5: 1346 daAuts
    D:10: 1284 daAuts
     D:2: 1186 daAuts
     D:3: 1172 daAuts
     D:1: 1136 daAuts
     D:7: 945 daAuts
 Ossuary: 664 daAuts
    D:12: 23 daAuts
